Map: Kairos Junction LE

Players

Lambo - Winner!

  • Race: Zerg Zerg
  • League: Grandmaster
  • Spawn Location: 11:00

ShaDoWn

  • Race: Protoss Protoss
  • League: Grandmaster
  • Spawn Location: 5:00

VOD

Have the link to the VOD?

Description

Time

  • Played on: Feb. 11, 2019, 10:33 a.m.
  • Length: 8:34
Show
View Real Time Build Order
Export as new Build Order

Lambo Zerg - Winner!

Build Orders: Hatch First 

Get SALT Encoding   

  12  0:00  Drone  
  13  0:12  Overlord  
  13  0:17  Drone  
  14  0:31  Drone x2  
  16  0:48  Hatchery  
  15  0:55  Drone  
  16  0:59  Drone x2  
  18  1:13  Extractor  
  18  1:15  Spawning Pool  
  16  1:18  Drone  
  16  1:20  Drone  
  18  1:27  Drone  
  19  1:38  Drone  
  20  1:50  Overlord  
  20  2:01  Queen x2  
  20  2:02  Zergling x2  
  20  2:03  Zergling x2  
  26  2:12  Metabolic Boost  
  26  2:13  Drone x2  
  28  2:23  Drone x2  
  30  2:35  Hatchery  
  29  2:41  Drone  
  30  2:50  Queen, Overlord  
  32  2:55  Drone x2  
  34  2:59  Drone x2  
  36  3:11  Zergling x8  
  40  3:13  Drone x2  
  40  3:17  Overlord  
  40  3:18  Drone  
  43  3:23  Drone  
  44  3:36  Drone x2  
  44  3:37  Drone  
  44  3:39  Lair  
  47  3:42  Drone  
  47  3:43  Drone x3  
  47  3:46  Drone  
  52  3:48  Spore Crawler  
  52  3:51  Spore Crawler  
  52  3:54  Drone x2  
  52  3:56  Drone  
  52  3:58  Extractor  
  52  3:59  Spore Crawler  
  52  4:00  Extractor, Drone  
  52  4:01  Drone  
  52  4:05  Drone x2  
  54  4:15  Drone  
  54  4:16  Drone  
  56  4:18  Drone  
  58  4:25  Overlord  
  58  4:31  Overlord  
  58  4:32  Extractor, Overlord  
  58  4:34  Overlord  
  57  4:40  Drone  
  57  4:44  Hydralisk Den, Drone x8  
  65  4:54  Overlord  
  65  5:03  Drone  
  64  5:10  Overlord  
  64  5:11  Drone  
  64  5:12  Baneling Nest  
  64  5:13  Hydralisk x6  
  76  5:16  Hydralisk  
  76  5:20  Hydralisk  
  80  5:24  Hydralisk  
  82  5:31  Muscular Augments, Zergling x10  
  87  5:38  Hydralisk  
  87  5:42  Overlord  
  89  5:46  Hydralisk x2  
  90  5:50  Hydralisk  
  90  5:53  Hydralisk  
  90  5:55  Zergling x10  
  97  5:58  Hydralisk  
  96  6:04  Hydralisk  
  96  6:05  Zergling x8  
  96  6:07  Hydralisk  
  96  6:12  Zergling x4  
  98  6:20  Hydralisk x2  
  98  6:23  Drone x3  
  105  6:30  Drone  
  106  6:35  Overlord  
  106  6:36  Overlord  
  106  6:39  Overlord  
  106  6:42  Grooved Spines  
  106  6:46  Overlord x2  
  106  6:49  Overlord  
  103  6:57  Queen  
  103  6:58  Hydralisk x3  
  111  7:04  Hydralisk  
  111  7:05  Hydralisk  
  111  7:08  Hydralisk x2  
  115  7:12  Hydralisk  
  121  7:16  Hydralisk x2  
  121  7:19  Baneling  
  121  7:20  Baneling  
  125  7:23  Zergling x2  
  125  7:24  Zergling x6  
  125  7:26  Baneling  
  125  7:27  Baneling x3  
  127  7:31  Zergling x8  
  127  7:35  Baneling x4  
  127  7:36  Zergling x4  
  133  7:43  Baneling x3  
  132  7:50  Hydralisk, Zergling x2  
  132  7:51  Zergling x12  
  137  7:54  Hydralisk  
  126  7:58  Hydralisk  
  126  8:03  Hydralisk  
  126  8:04  Hydralisk, Zergling x4  
Show
View Real Time Build Order
Export as new Build Order

ShaDoWn Protoss 

Build Orders: 1 Gate Expand, Oracle Opening, Zealot Archon, Archon Drop 

Get SALT Encoding   

  12  0:00  Probe  
  13  0:12  Probe  
  14  0:19  Pylon  
  14  0:24  Probe  
  15  0:33  Probe  
  15  0:37  Gateway  
  15  0:41  Probe  
  16  0:47  Assimilator  
  17  0:51  Probe  
  18  1:03  Probe  
  19  1:15  Probe  
  20  1:24  Nexus  
  20  1:33  Cybernetics Core  
  20  1:36  Probe  
  21  1:41  Assimilator  
  21  1:48  Probe  
  21  1:51  Pylon  
  22  1:59  Adept  
  22  2:00  Probe  
  23  2:12  Probe  
  26  2:20  Stargate  
  26  2:24  Probe  
  26  2:29  Stalker  
  29  2:32  Probe  
  29  2:33  Probe  
  31  2:40  Probe  
  31  2:41  Probe  
  31  2:42  Warp Gate  
  31  2:50  Probe  
  31  2:51  Probe  
  35  3:01  Probe  
  35  3:03  Probe  
  35  3:04  Oracle  
  40  3:09  Probe, Pylon  
  40  3:15  Probe, Assimilator  
  40  3:17  Probe  
  40  3:18  Assimilator  
  43  3:27  Probe  
  43  3:28  Probe  
  45  3:37  Probe, Robotics Facility  
  45  3:39  Probe  
  47  3:45  Probe  
  47  3:46  Twilight Council  
  47  3:51  Probe  
  47  3:54  Pylon  
  47  3:55  Probe, Oracle  
  53  4:03  Probe  
  53  4:06  Gateway  
  54  4:15  Probe  
  56  4:20  Warp Prism  
  56  4:22  Gateway, Charge  
  56  4:23  Gateway  
  52  4:25  Templar Archives  
  54  4:39  Zealot  
  56  4:49  Gateway  
  56  4:50  Gateway  
  56  4:52  Gateway  
  56  4:56  Gateway  
  56  4:57  Pylon  
  56  5:11  Pylon  
  56  5:19  High Templar x4  
  64  5:25  Archon x2  
  64  5:29  Pylon  
  64  5:44  Nexus  
  64  5:45  Pylon  
  64  5:52  Zealot x8  
  77  6:09  Psionic Storm  
  64  6:18  Probe x2  
  64  6:22  High Templar x3  
  64  6:23  Zealot x4  
  79  6:27  Immortal  
  79  6:30  Forge, Probe x2  
  85  6:42  Probe x2  
  87  6:53  Probe  
  87  6:54  Probe x2  
  87  6:57  High Templar x2  
  94  7:01  Assimilator  
  94  7:02  Probe x3  
  94  7:04  Assimilator  
  97  7:09  Pylon  
  97  7:10  Probe x3  
  98  7:21  Immortal, Probe x2  
  98  7:22  Probe  
  105  7:33  Probe x2  
  97  7:37  High Templar x2  
  97  7:41  Archon  
  101  7:45  Zealot x6  
  109  7:55  Archon  
  81  8:06  Zealot x6  
  82  8:21  Zealot x2  
  82  8:25  Zealot x2  
  82  8:30  Zealot x3  
Tags
 
Add a new tag
Caveats
  • Supply blocks, unpowered buildings, or Contaminate may cause inaccurate times.
  • Supply counts are checked every 10 seconds.